 Dungeon Crawl Stone Soup version 0.29-a0-557-g43b9904 (webtiles) character file.

Game seed: 17729355043467184690

658 Illumine the Cudgeller (level 8, -2/63 (68) HPs)
             Began as a Meteoran Fighter on June 8, 2022.
             Was an Initiate of Makhleb.
             Slain by a wight
             ... wielding a +5 war axe
              (14 damage)
             ... on level 7 of the Dungeon.
             The game lasted 00:03:38 (1273 turns).

Illumine the Cudgeller (Meteoran Fighter)           Turns: 1273, Time: 00:03:38

HP:   -2/63 (68)    AC: 13    Str: 20    XL:     8   Next: 11%
MP:   9/9           EV:  5    Int: 10    God:    Makhleb [......]
Gold: 168           SH:  5    Dex: 13    Spells: 7/7 levels left

rFire   . . .      SeeInvis .   a - +0 flail
rCold   . . .      Faith    .   c - +0 buckler
rNeg    . . .      Spirit   .   o - +0 plate armour
rPois   .          Reflect  .   (no helmet)
rElec   .          Harm     .   l - +0 cloak
rCorr   .          Rampage  .   (no gloves)
Will    +....                   (no boots)
Stlth   ..........              (no amulet)
HPRegen 0.20/turn               (no ring)
MPRegen 0.11/turn               (no ring)

@: mighty, glowing, drained
A: sense surroundings 1, otherworldly, glowing, explore regen
a: Renounce Religion


You were on level 7 of the Dungeon.
You worshipped Makhleb.
Makhleb was noncommittal.
You visited 2 branches of the dungeon, and saw 8 of its levels.

You collected 168 gold pieces.

Inventory:

Hand Weapons
 a - a +0 flail (weapon)
Missiles
 f - 7 poisoned darts (quivered)
Armour
 c - a +0 buckler (worn)
 l - a +0 cloak (worn)
 o - a +0 plate armour (worn)
Scrolls
 i - a scroll of identify
 j - 2 scrolls of amnesia
 k - a scroll of teleportation {unknown}
 n - a scroll of enchant weapon {unknown}
Potions
 d - a potion of might
 e - a potion of ambrosia {unknown}
 h - 5 potions of heal wounds {unknown}


   Skills:
 + Level 5.2 Fighting
 * Level 7.6 Maces & Flails
 + Level 4.5 Armour
 + Level 5.8 Shields


You had 7 spell levels left.
You didn't know any spells.
Your spell library was empty.

Dungeon Overview and Level Annotations

Branches:
Dungeon (7/15)             Temple (1/1) D:5

Altars:
Elyvilon
Fedhas
Hepliaklqana
Kikubaaqudgha
Makhleb
Nemelex Xobeh
Okawaru
Ru
Sif Muna
Trog
Wu Jian
The Shining One


Innate Abilities, Weirdness & Mutations

You passively map a small area around you.
You are easily found by Zot.
You glow in the dark.
You regain HP and MP as you explore.


Message History

You barely miss the wight. The wight hits you with a +5 war axe!
The wight hits you from afar with a +0 spear.
* * * LOW HITPOINT WARNING * * *
Unknown command.
Okay, then.
Aiming: Iceblast
Press: ? - help, Shift-Dir - straight line, f - orc
Aim: an orc, wielding a +0 short sword The mass of ice explodes!
The iceblast engulfs the orc!
You kill the orc!
Makhleb accepts your kill.
The iceblast engulfs the orc priest!!
You kill the orc priest!
Makhleb accepts your kill.
The iceblast engulfs the orc wizard!
The orc wizard is severely wounded.
You hear a croak.
The wight barely misses you. The wight hits you but does no damage.
Aiming: Iceblast
Press: ? - help, Shift-Dir - straight line, f - orc wizard
Aim: an orc wizard, wielding a +0 dagger and wearing a +0 robe (severely wounded)
The mass of ice explodes!
The iceblast engulfs the orc wizard!!
You kill the orc wizard!
Makhleb accepts your kill.
The iceblast engulfs the orc!
You kill the orc!
Makhleb accepts your kill.
The iceblast engulfs the orc warrior!
The orc warrior is moderately wounded.
The now-empty wand crumbles to dust.
The wight hits you with a +5 war axe.
* * * LOW HITPOINT WARNING * * *
You feel drained.
* * * LOW HITPOINT WARNING * * *
The wight hits you but does no damage.
You aren't carrying any items that you can evoke.
Unknown command.
As you read the scroll labelled SAERGH UTIUWK, it crumbles to dust.
The creatures around you are filled with an inner flame!
It was a scroll of immolation.
The wight hits you with a +5 war axe!
You die...

.# #....# , , .#
#....######### * * ,
.###............., , *
.#.......########* ,
.#.............. * , *
.'........######, ,
##....#...z..#, , , *
#######...z#.#######+#..
# #...zz#.zzz@.oo....
,,* #
#..#..########..... #
#..#..# , ... + , #
#..#..# , ,,. ## #..#..#
* , ,, .# * #..#... , .+
, #...* , , .#* * #.#.
,, , .# , , , ,


You could see an orc warrior (inner flame), 3 wights and an orc (inner flame).

Vanquished Creatures
  A sky beast (D:7)
  2 phantoms
  A bullfrog (D:7)
  A scorpion (D:5)
  3 wights
  An orc priest (D:7)
  An iguana (D:4)
  An orc wizard (D:7)
  2 adders (D:2)
  A shadow imp (D:7)
  2 white imps
  4 orcs
  6 ball pythons
  2 bats
  An endoplasm (D:3)
  A giant cockroach (D:3)
  2 goblins (D:2)
  3 hobgoblins (D:2)
  2 jackals (D:1)
  2 rats
39 creatures vanquished.

Vanquished Creatures (others)
  2 hounds (D:5)
  An iguana (D:5)
  A gnoll (D:5)
  An adder (D:5)
  An ufetubus (D:5)
  3 orcs (D:5)
  A plant (D:3)
10 creatures vanquished.

Grand Total: 49 creatures vanquished

Notes
Turn   | Place    | Note
-------+----------+-------------------------------------------
     0 | D:1      | Illumine the Meteoran Fighter began the quest for the Orb.
     0 | D:1      | Reached XP level 1. HP: 19/19 MP: 2/2
    16 | D:1      | Reached skill level 3 in Maces & Flails
    19 | D:1      | Reached XP level 2. HP: 26/26 MP: 3/3
    42 | D:2      | Reached XP level 3. HP: 26/31 MP: 4/4
   268 | D:2      | Reached skill level 4 in Maces & Flails
   289 | D:3      | Noticed a phantom
   315 | D:2      | Killed a phantom
   316 | D:2      | Reached skill level 5 in Maces & Flails
   316 | D:2      | Reached XP level 4. HP: 30/40 MP: 5/5
   316 | D:2      | Reached XP level 5. HP: 34/46 MP: 6/6
   397 | D:4      | Noticed a black bear
   399 | D:4      | Noticed a phantom
   407 | D:5      | Entered Level 5 of the Dungeon
   430 | D:5      | Found a staircase to the Ecumenical Temple.
   445 | Temple   | Entered the Ecumenical Temple
   450 | Temple   | Became a worshipper of Makhleb the Destroyer
   503 | D:5      | Noticed a phantom
   525 | D:5      | Killed a phantom
   526 | D:5      | Reached XP level 6. HP: 51/53 MP: 7/7
   544 | D:6      | Noticed an ogre
   549 | D:6      | Noticed an orc warrior
   570 | D:5      | Reached skill level 6 in Maces & Flails
   570 | D:5      | Reached skill level 5 in Shields
   720 | D:7      | Reached XP level 7. HP: 44/60 MP: 8/8
   814 | D:7      | Found a bloodstained altar of Trog.
   905 | D:7      | Reached skill level 5 in Fighting
   905 | D:7      | Reached skill level 7 in Maces & Flails
  1124 | D:7      | Reached XP level 8. HP: 67/68 MP: 9/9
  1273 | D:7      | Slain by a wight

Illustrated notes

Levels and vault maps discovered:
D:1:      dpeg_arrival_pits, layout_loops_ring, shapermc_ecumenical_altar_gd,
          minmay_pentomino_p2
D:2:      layout_loops_ring
D:3:      layout_basic, nicolae_overflow_squiral, serial_bayou_pond_a
D:4:      layout_loops_ring, jmf_multi_god_temple2, lightli_corner_chamber,
          uniq_ijyb
D:5:      layout_basic, nicolae_dithmenos_the_darkroom, xom_confusion_cloud,
          minmay_temple_entry_junction
D:6:      layout_basic, cheibrodos_ashenzari_chains
D:7:      layout_basic, nicolae_overflow_hidden_temple
Temple:   minmay_freezing_vapour_temple

Skill      XL: |  1  2  3  4  5  6  7 |
---------------+----------------------+-----
Maces & Flails | 3 5 6 7 |  7.6
Shields        | 4 5 |  5.8
Fighting       | 4 5 |  5.2
Armour         | 4 |  4.5

Action                   |  1- 3 |  4- 6 |  7- 9 || total
-------------------------+-------+-------+-------++-------
Melee: Flail             |    72 |    76 |    22 ||   170
Evoke: Wand              |       |       |     2 ||     2
  Use: Scroll            |       |       |     2 ||     2
       Potion            |       |       |     1 ||     1
Armor: Scale mail        |    39 |    31 |       ||    70
       Plate armour      |       |       |    10 ||    10
Dodge: Dodged            |    35 |    31 |     6 ||    72
Block: Buckler           |    21 |    18 |     6 ||    45

Table legend: (Time is in decaauts)
 A = Elapsed time spent in this place.
 B = Non-inter-level travel time spent in this place.
 C = Inter-level travel time spent in this place.
 D = Time resting spent in this place.
 E = Time spent auto-exploring this place.
 F = Levels seen in this place.
 G = Mean time per level.
                   A        B        C        D        E       F      G
               +--------+--------+--------+--------+--------+-----+--------+
         Total |   1305 |   1292 |     13 |    135 |    552 |   8 |  163.1 |
       Dungeon |   1294 |   1281 |     13 |    135 |    552 |   7 |  184.9 |
        Temple |     10 |     10 |      0 |      0 |      0 |   1 |   10.0 |
               +--------+--------+--------+--------+--------+-----+--------+

Top non-repeatable levels by time:
     D:7: 597 daAuts
     D:2: 277 daAuts
     D:5: 243 daAuts
     D:3: 67 daAuts
     D:4: 53 daAuts
     D:1: 31 daAuts
     D:6: 22 daAuts
  Temple: 10 daAuts
